Workbook

Sheet C.S.
F1: GESTIÓN CONTRACTUAL | AB1: Código: IDPAC-GC-FT-30 Versión: 03 Página 1 de 1 Fecha: 30/10/2019
F2: CERTIFICADO DE SUPERVISIÓN - SECOP II
A4: I. INFORMACIÓN DE SUPERVISIÓN O INTERVENTORÍA
C6: FECHA DE EXPEDICIÓN | J6: DATOS DEL SUPERVISOR O INTERVENTOR | AA6: TELÉFONO Y/O EXTENSIÓN
C7: DÍA | E7: MES | G7: AÑO | J7: NOMBRE | M7: FABIOLA PIÑACUE ACHICUE | AA7: 2417900
C8: 5 | E8: 8 | G8: 2020 | J8: CARGO | M8: GERENTE DE ETNIAS
A11: II. INFORMACIÓN CONTRACTUAL
A12: NOMBRE O RAZÓN SOCIAL DEL CONTRATISTA | Y12: NIT O C.C. No.
G13: SANDRA CLAUDIA CHINDOY JAMIOY | Z13: 1122783927
A15: TIPO DE CONTRATACIÓN: | I15: PRESTACIÓN DE SERVICIOS PERSONA NATURAL
J17: DD | K17: MM | L17: AAAA | R17: DD | S17: MM | T17: AAAA | V17: PLAZO DE EJECUCION INICIAL | AB17: FECHA DE TERMINACIÓN
A18: CONTRATO | D18: No. | E18: 198 | G18: CON FECHA | J18: 4 | K18: 3 | L18: 2020 | N18: FECHA DE INICIO | R18: 6 | S18: 3 | T18: 2020 | V18: 3 | W18: MESES | Y18: 0 | Z18: DIAS | AB18: 20 | AC18: 7 | AE18: 2020
J20: DD | K20: MM | L20: AAAA | R20: DD | S20: MM | T20: AAAA | V20: PLAZO DE EJECUCION
A21: PRORROGA | D21: No. | E21: 1 | G21: CON FECHA | J21: 30 | K21: 5 | L21: 2020 | N21: FECHA DE INICIO | R21: 6 | S21: 6 | T21: 2020 | V21: 1 MES Y 15 DIAS
A22: PRORROGA | D22: No. | E22: 2 | G22: CON FECHA | N22: FECHA DE INICIO | V22: 00 MESES Y 00 DIAS
A23: PRORROGA | D23: No. | E23: 3 | G23: CON FECHA | N23: FECHA DE INICIO | V23: 00 MESES Y 00 DIAS
J24: DD | K24: MM | L24: AAAA
A25: ADICION | D25: No. | E25: 1 | G25: CON FECHA | J25: 30 | K25: 5 | L25: 2020 | N25: VALOR DE ADICION No. 1 | V25: 3000000
A26: ADICION | D26: No. | E26: 2 | G26: CON FECHA | N26: VALOR DE ADICION No. 2 | V26: 0
A27: ADICION | D27: No. | E27: 3 | G27: CON FECHA | N27: VALOR DE ADICION No. 3 | V27: 0
A29: PARA PRESTACION DE SERVICIOS | O29: FORMA Y CONDICIÓN DE PAGO
O30: El valor del presente contrato se cancelará de la siguiente manera: Pagos fijos mensuales equivalentes DOS MILLONES DE PESOS M/CTE ($2.000.000) o proporcional por mes con corte al día 30 de cada mes, previa presentación de los formatos “Informe de ejecución contractual”, “Certificado de Supervisión o Interventoría” y comprobante de pago de aportes al Sistema de Seguridad Social en Salud, Pensión y ARL, en el porcentaje establecido por el Gobierno Nacional.
B31: PERIODO CERTIFICADO O FACTURADO
E32: DD | F32: MM | G32: AA | K32: DD | L32: MM | M32: AA
B33: DESDE | E33: 1 | F33: 7 | G33: 2020 | I33: HASTA | K33: 20 | L33: 7 | M33: 2020
E34: dd | F34: mm | G34: aa | K34: dd | L34: mm | M34: aa
A36: OBJETO CONTRACTUAL
A37: Prestar los servicios de apoyo a la gestión, con autonomía técnica y administrativa para desarrollar procesos de participación y fortalecimiento de las organizaciones sociales y comunidades indígenas en las localidades que le sean asignadas por el supervisor.
A39: CERTIFICO BAJO MI ENTERA RESPONSABILIDAD QUE EL CONTRATISTA CUMPLIÓ A CABALIDAD CON EL OBJETO DEL CONTRATO EN LOS TÉRMINOS Y TIEMPO PACTADOS CON EL INSTITUTO DISTRITAL DE LA PARTICIPACION Y ACCION COMUNAL
A41: POR LO TANTO AUTORIZO EL PAGO POR VALOR DE: | L41: 1333333
Z43: DD | AA43: MM | AC43: AAAA
A44: MARQUE CON X SI FACTURA | L44: NUMERO DE FACTURA | V44: DE FECHA :
A46: EL CONTRATISTA PRESENTA LAS CONSTANCIAS DE PAGO DE APORTES AL SISTEMA DE SEGURIDAD SOCIAL CORRESPONDIENTES AL MONTO Y TIEMPO QUE CERTIFICO
A48: SALUD | C48: No. de planilla: | F48: 1030803730 | J48: VALOR: | L48: 0.125 | M48: 109800 | Q48: EPS | S48: MALLAMAS | X48: PERIODO COTIZADO | AA48: JUNIO
A49: PENSION | C49: No. de planilla: | F49: 1030803730 | J49: VALOR: | L49: 0.16 | M49: 140500 | Q49: FONDO | S49: PROTECCION | X49: PERIODO COTIZADO | AA49: =+AA48 -> JUNIO
A50: ARL | C50: No. de planilla: | F50: 1030803730 | J50: VALOR: | L50: 0.00522 | M50: 4600 | Q50: ARL | S50: POSITIVA SEGUROS | X50: PERIODO COTIZADO | AA50: =+AA49 -> JUNIO
F51: Para prestacion de servicios | I51: Base Salud | L51: 0.4 | M51: 877803
I52: Base Pension | L52: 0.4 | M52: =+M51 -> 877803
I53: Base ARL | L53: 0.4 | M53: =+M51 -> 877803
A55: III. MODIFICACIONES AL CONTRATO
J57: DD | K57: MM | L57: AAAA | P57: DD | Q57: MM | R57: AAAA | U57: DD | V57: MM | W57: AAAA
A58: SUSPENSIÓN | D58: No. | E58: 1 | G58: CON FECHA | M58: PERIODO DEL | S58: AL | X58: PLAZO SUSPENSIÓN | AC58: 00 MESES Y 00 DIAS
A59: SUSPENSIÓN | D59: No. | E59: 2 | G59: CON FECHA | M59: PERIODO DEL | S59: AL | X59: PLAZO SUSPENSIÓN | AC59: 00 MESES Y 00 DIAS
J61: DD | K61: MM | L61: AAAA | P61: DD | Q61: MM | R61: AAAA | T61: NOMBRES Y APELLIDOS DEL CEDENTE O CESIONARIO
A62: CESION | D62: No. | E62: 1 | G62: CON FECHA | M62: A PARTIR DEL | AB62: C.C.
J64: DD | K64: MM | L64: AAAA | Q64: DD | R64: MM | S64: AAAA
A65: TERMINACIÓN ANTICIPADA DE FECHA: | M65: A PARTIR DEL:
A67: IV. ESTADO PRESUPUESTAL | AH67: GIROS YA REALIZADOS
AH68: CUENTA ENERO | AI68: 0
D69: 1 | F69: VALOR DEL CONTRATO | M69: $ | N69: 6000000 | W69: CDP. INICIAL No. | AA69: 256 | AH69: CUENTA FEBRERO | AI69: 0
D70: 2 | F70: ADICIONES | M70: $ | N70: 3000000 | W70: CDP. ADICION No. | AA70: 810 | AH70: CUENTA MARZO | AI70: 1666667
D71: 3 | F71: VALOR TOTAL DEL CONTRATO | M71: $ | N71: =+N69+N70 -> 9000000 | AH71: CUENTA ABRIL | AI71: 2000000
D72: 4 | F72: VALOR CANCELADO ACUMULADO | M72: $ | N72: =+AI80 -> 7666667 | W72: CRP INICIAL No. | AA72: 231 | AH72: CUENTA MAYO | AI72: 2000000
D73: 5 | F73: VALOR PRESENTE PAGO | M73: $ | N73: =+L41 -> 1333333 | W73: CRP ADICION No. | AA73: 751 | AH73: CUENTA JUNIO | AI73: 2000000
D74: 6 | F74: SALDO POR CANCELAR | M74: $ | N74: =+N71-N72-N73 -> 0 | AH74: CUENTA JULIO | AI74: 0
V75: RUBRO PRESUPUESTAL | AA75: 3-3-1-15-07-45-1014-196 | AH75: CUENTA AGOSTO | AI75: 0
AH76: CUENTA SEPTIEMBRE | AI76: 0
A77: OBSERVACIONES: | AH77: CUENTA OCTUBRE | AI77: 0
AH78: CUENTA NOVIEMBRE | AI78: 0
G79: El presente formato se entiende suscrito por el supervisor con la aceptacion a través de la plataforma del SECOP II | AH79: CUENTA DICIEMBRE | AI79: 0
AH80: Vr. ACUMULADO | AI80: =SUM(AI68:AI79) -> 7666667

Sheet I.E.C.
F1: GESTIÓN CONTRACTUAL | U1: Código: IDPAC-GC-FT-31 Versión:02 Pagina 1 de 1 Fecha: 24/07/2019
F2: INFORME DE EJECUCIÓN CONTRACTUAL - SECOP II
A4: DATOS GENERALES DEL CONTRATO
A5: PERIODO DEL INFORME | F5: Del | G5: DIA | H5: MES | I5: AÑO | K5: Hasta | M5: DIA | N5: MES | O5: AÑO | R5: FECHA DEL INFORME | W5: DIA | X5: MES | Y5: AÑO
G6: =+C.S.!$E$33 -> 1 | H6: 7 | I6: =+C.S.!$G$33 -> 2020 | M6: =+C.S.!$K$33 -> 20 | N6: 7 | O6: =+C.S.!$M$33 -> 2020 | W6: 5 | X6: 8 | Y6: =+C.S.!$G$8 -> 2020
A7: CONTRATO No. | E7: =+C.S.!$E$18 -> 198 | G7: FECHA DE CONTRATO | K7: =+C.S.!$J$18 -> 4 | L7: =+C.S.!$K$18 -> 3 | M7: =+C.S.!$L$18 -> 2020 | N7: TIPO CONTRATO | R7: =+C.S.!I15 -> PRESTACIÓN DE SERVICIOS PERSONA NATURAL
A8: NOMBRE O RAZÓN SOCIAL DEL CONTRATISTA / COEJECUTOR / ASOCIADO | N8: =+C.S.!G13 -> SANDRA CLAUDIA CHINDOY JAMIOY
A9: TIPO DE IDENTIFICACIÓN | G9: C.C. | I9: NUMERO | L9: =+C.S.!Z13 -> 1122783927 | Q9: FECHA DE INICIO | U9: FECHA DE TERMINACIÓN
Q10: =+C.S.!R18 -> 6 | R10: =+C.S.!S18 -> 3 | S10: =+C.S.!T18 -> 2020 | U10: =+C.S.!AB18 -> 20 | V10: =+C.S.!AC18 -> 7 | X10: =+C.S.!AE18 -> 2020
A11: OBJETO CONTRACTUAL
A12: =+C.S.!A37 -> Prestar los servicios de apoyo a la gestión, con autonomía técnica y administrativa para desarrollar procesos de participación y fortalecimiento de las organizaciones sociales y comunidades indígenas en las localidades que le sean asignadas por el supervisor.
A13: PLAZO DE EJECUCIÓN INICIAL | H13: =+C.S.!V18 -> 3 | I13: Meses y | K13: =+C.S.!Y18 -> 0 | L13: Días | N13: FECHA DE INICIACIÓN | W13: =+C.S.!R18 -> 6 | X13: =+C.S.!S18 -> 3 | Y13: =+C.S.!T18 -> 2020
A14: PRORROGA | D14: No. | E14: DIA | F14: MES | G14: AÑO | I14: TIEMPO | L14: No. | M14: DIA | N14: MES | O14: AÑO | Q14: TIEMPO | S14: No. | T14: DIA | U14: MES | V14: AÑO | W14: TIEMPO
D15: 1 | E15: =+C.S.!J21 -> 30 | F15: =+C.S.!K21 -> 5 | G15: =+C.S.!L21 -> 2020 | I15: =+C.S.!V21 -> 1 MES Y 15 DIAS | L15: 2 | M15: =+C.S.!J22 -> 0 | N15: =+C.S.!K22 -> 0 | O15: =+C.S.!L22 -> 0 | Q15: =+C.S.!V22 -> 00 MESES Y 00 DIAS | S15: 3 | T15: =+C.S.!J23 -> 0 | U15: =+C.S.!K23 -> 0 | V15: =+C.S.!L23 -> 0 | W15: =+C.S.!V23 -> 00 MESES Y 00 DIAS
A16: ADICION | D16: No. | E16: DIA | F16: MES | G16: AÑO | I16: VALOR | L16: No. | M16: DIA | N16: MES | O16: AÑO | Q16: VALOR | S16: No. | T16: DIA | U16: MES | V16: AÑO | W16: VALOR
D17: 1 | E17: =+C.S.!J25 -> 30 | F17: =+C.S.!K25 -> 5 | G17: =+C.S.!L25 -> 2020 | I17: =+C.S.!V25 -> 3000000 | L17: 2 | M17: =+C.S.!J26 -> 0 | N17: =+C.S.!K26 -> 0 | O17: =+C.S.!L26 -> 0 | Q17: =+C.S.!V26 -> 0 | S17: 3 | T17: =+C.S.!J27 -> 0 | U17: =+C.S.!K27 -> 0 | V17: =+C.S.!L27 -> 0 | W17: =+C.S.!V27 -> 0
A18: NOMBRE DEL INTERVENTOR Y/O SUPERVISOR | K18: =+C.S.!M7 -> FABIOLA PIÑACUE ACHICUE
A19: OFICINA O DEPENDENCIA A LA CUAL PERTENECE | K19: =+C.S.!M8 -> GERENTE DE ETNIAS
A20: DESCRIPCIÓN DE ACTIVIDADES DESARROLLADAS EN CUMPLIMIENTO DEL OBJETO CONTRATUAL
A21: No. | B21: OBLIGACIONES CONTRACTUALES | H21: ACTIVIDADES REALIZADAS Y/O PRODUCTOS ENTREGADOS | P21: SOPORTES (Describa las evidencias de las actividades realizadas y sitio de conservación de la información)
A22: 1 | B22: Realizar un plan de acción que permita dar cumplimiento a las obligaciones contractuales; e implementar y reportar sus avances una vez al mes. | H22: 1.Diligenciamiento y organización de evidencias en Matriz de Sistematización de Procesos MSP; Formato Plan de Trabajo, Formato Sistematización de Beneficiarios y Formato Agenda Semanal, con el objeto de evidenciar el cumplimiento de las obligaciones contractuales. | P22: 1. Anexo formato MSP 2. Formato seguimiento de llamadas 3. Formato plan de trabajo 4. Formato de sistematización de beneficiarios 5. Carpeta de Agendas Semanales Soportes disponibles en la plataforma Secop II numeral 7 y en CD
A23: 2 | B23: Desarrollar la ruta estratégica de fortalecimiento con organizaciones sociales étnicas, implementando las tres líneas de participación (fortalecimiento, promoción y formación), con comunidades, organizaciones, cabildos, colectivos y/o parcialidades indígenas de acuerdo con las metas propuestas por la Gerencia de Etnias | H23: 1. En fecha 12-07-2020, se realiza asesoría virtual con la organización Alianza de Mujeres Indígenas en Ciudad-AMIC, a fin de socializar los términos de la convocatoria Red de Organizaciones Cuidadoras y apoyar técnicamente la elaboración de una iniciativa para participar en el proceso en mención; como resultado de esta acción se logra la inscripción de la iniciativa "Chagras urbanas, por la dignidad de las mujeres indígenas". | P23: 1. Anexo acta y pantallazo. Soportes disponibles en la plataforma Secop II numeral 7 y en CD
B24: Desarrollar la ruta estratégica de fortalecimiento con organizaciones sociales étnicas, implementando las tres líneas de participación (fortalecimiento, promoción y formación), con comunidades, organizaciones, cabildos, colectivos y/o parcialidades indígenas de acuerdo con las metas propuestas por la Gerencia de Etnias | H24: 2. Se realiza orientación telefónica al gobernador del Cabildo Kamëntšá Biyá -Diego Juagibioy en fecha 11-07-2020, con el objetivo de socializar los términos de la Convocatoria Red de Organizaciones Cuidadoras y apoyar la participación del cabildo en este proceso, como resultado de esta asistencia técnica se logra la inscripción de la iniciativa "Memorias ancestrales, niñez y adolescencia kamëntšá". | P24: 1. Anexo acta y pantallazo. Soportes disponibles en la plataforma Secop II numeral 7 y en CD
B25: Desarrollar la ruta estratégica de fortalecimiento con organizaciones sociales étnicas, implementando las tres líneas de participación (fortalecimiento, promoción y formación), con comunidades, organizaciones, cabildos, colectivos y/o parcialidades indígenas de acuerdo con las metas propuestas por la Gerencia de Etnias | H25: 3. En fecha 15-07-2020, se desarrolla asesoría telefónica con la líder del Colectivo Étnico y Diverso - Lina Marcela Guaji, con el propósito de socializar los lineamientos de la convocatoria Red de Organizaciones Cuidadoras, donde se apoya en la formulación e inscripción de la iniciativa "Seguridad Alimentaria y resistencias indígenas en tiempos de pandemia". | P25: 1. Anexo acta y pantallazo. Soportes disponibles en la plataforma Secop II numeral 7 y en CD
B26: Desarrollar la ruta estratégica de fortalecimiento con organizaciones sociales étnicas, implementando las tres líneas de participación (fortalecimiento, promoción y formación), con comunidades, organizaciones, cabildos, colectivos y/o parcialidades indígenas de acuerdo con las metas propuestas por la Gerencia de Etnias | H26: 4. Se realiza acompañamiento técnico virtual a la líder de la Corporación para el Desarrollo Humano y Ambiental Neida Gonzales el día 15-07-2020, apoyando en la elaboración y posterior inscripción de la iniciativa ciudadana "Convivencia sana para la niñez y adolescencia afrodescendiente en Usme", en el marco de la convocatoria Red de Organizaciones Cuidadoras. | P26: 1. Anexo acta y pantallazo. Soportes disponibles en la plataforma Secop II numeral 7 y en CD
B27: Desarrollar la ruta estratégica de fortalecimiento con organizaciones sociales étnicas, implementando las tres líneas de participación (fortalecimiento, promoción y formación), con comunidades, organizaciones, cabildos, colectivos y/o parcialidades indígenas de acuerdo con las metas propuestas por la Gerencia de Etnias | H27: 5. El día 07-07-2020, se realiza acompañamiento técnico virtual y telefónico a la líder Violet Medina representante de la Mesa de Pueblos Indígenas Víctimas, a fin de apoyar en la elaboración y posterior inscripción de la iniciativa ciudadana "Tejidos propios, saberes y resistencias en tiempos de pandemia", en la convocatoria Red de Organizaciones Cuidadoras. | P27: 1. Anexo acta y pantallazo. Soportes disponibles en la plataforma Secop II numeral 7 y en CD
B28: Desarrollar la ruta estratégica de fortalecimiento con organizaciones sociales étnicas, implementando las tres líneas de participación (fortalecimiento, promoción y formación), con comunidades, organizaciones, cabildos, colectivos y/o parcialidades indígenas de acuerdo con las metas propuestas por la Gerencia de Etnias | H28: 6. Se realiza asesoría virtual a la líder Luz Mila Aguilar representante de la organización Wayuu Onoshi en fecha 11/07/2020; con el objetivo de socializar las condiciones de participación en la convocatoria Red de Organizaciones Cuidadoras y apoyando técnicamente la elaboración de una iniciativa comunitaria sobre tejidos propios. | P28: 1. Anexo acta y pantallazo. Soportes disponibles en la plataforma Secop II numeral 7 y en CD
B29: Desarrollar la ruta estratégica de fortalecimiento con organizaciones sociales étnicas, implementando las tres líneas de participación (fortalecimiento, promoción y formación), con comunidades, organizaciones, cabildos, colectivos y/o parcialidades indígenas de acuerdo con las metas propuestas por la Gerencia de Etnias | H29: 7. En fecha 13/07/2020 se acompaña técnicamente al cabildo Uitoto a través de las líderes Blanca Suarez y Denisse Murillo, con el propósito de realizar la socialización de los lineamientos de participación en la convocatoria Red de Organizaciones Cuidadoras, logrando avanzar en la formulación de una iniciativa ciudadana orientada hacia el fortalecimiento cultural e identitario de la niñez Uitoto. | P29: 1. Anexo acta y pantallazo. Soportes disponibles en la plataforma Secop II numeral 7 y en CD
B30: Desarrollar la ruta estratégica de fortalecimiento con organizaciones sociales étnicas, implementando las tres líneas de participación (fortalecimiento, promoción y formación), con comunidades, organizaciones, cabildos, colectivos y/o parcialidades indígenas de acuerdo con las metas propuestas por la Gerencia de Etnias | H30: 8. Se apoya virtualmente a la líder de la organización Alianza de Mujeres Indígenas en Ciudad-María Luisa Obando, para la actualización de la ficha de caracterización de organizaciones sociales del IDPAC, obteniendo como resultado la constancia del proceso. | P30: 1. Constancia de caracterización. Soportes disponibles en la plataforma Secop II numeral 7 y en CD
B31: Desarrollar la ruta estratégica de fortalecimiento con organizaciones sociales étnicas, implementando las tres líneas de participación (fortalecimiento, promoción y formación), con comunidades, organizaciones, cabildos, colectivos y/o parcialidades indígenas de acuerdo con las metas propuestas por la Gerencia de Etnias | H31: 9. Se acompaña técnicamente al señor Diego Juagibioy gobernador del cabildo Kamëntšá Biyá, para el registro del cabildo en la plataforma de la participación del IDPAC y el diligenciamiento de la ficha de caracterización de organizaciones sociales, logrando la gestión de dicha constancia en fecha 15-07-2020. | P31: 1. Constancia de caracterización. Soportes disponibles en la plataforma Secop II numeral 7 y en CD
B32: Desarrollar la ruta estratégica de fortalecimiento con organizaciones sociales étnicas, implementando las tres líneas de participación (fortalecimiento, promoción y formación), con comunidades, organizaciones, cabildos, colectivos y/o parcialidades indígenas de acuerdo con las metas propuestas por la Gerencia de Etnias | H32: 10. En fecha 16-07-2020 se realiza apoyo técnico a la líder Lina Marcela Guaji, para el registro del colectivo en la plataforma de la participación del IDPAC, logrando la gestión de la constancia de caracterización de organizaciones sociales. | P32: 1. Constancia de caracterización. Soportes disponibles en la plataforma Secop II numeral 7 y en CD
B33: Desarrollar la ruta estratégica de fortalecimiento con organizaciones sociales étnicas, implementando las tres líneas de participación (fortalecimiento, promoción y formación), con comunidades, organizaciones, cabildos, colectivos y/o parcialidades indígenas de acuerdo con las metas propuestas por la Gerencia de Etnias | H33: 11. Se orienta técnicamente a la líder de la Corporación para el Desarrollo Humano y Ambiental CDHUA -Neida Gonzales, para la inscripción de la organización en la plataforma de la participación y en el diligenciamiento de la ficha de caracterización de organizaciones sociales del IDPAC, logrando obtener la respectiva constancia del proceso en fecha 15-07-2020. | P33: 1. Constancia de caracterización. Soportes disponibles en la plataforma Secop II numeral 7 y en CD
B34: Desarrollar la ruta estratégica de fortalecimiento con organizaciones sociales étnicas, implementando las tres líneas de participación (fortalecimiento, promoción y formación), con comunidades, organizaciones, cabildos, colectivos y/o parcialidades indígenas de acuerdo con las metas propuestas por la Gerencia de Etnias | H34: 12. Se apoya técnicamente a la líder de la Mesa de Víctimas -Violet Medina-, para facilitar la actualización de la información en la plataforma de la participación del IDPAC, teniendo como resultado la gestión de la constancia de caracterización de organizaciones sociales el día 13-07-2020. | P34: 1. Constancia de caracterización. Soportes disponibles en la plataforma Secop II numeral 7 y en CD
B35: Desarrollar la ruta estratégica de fortalecimiento con organizaciones sociales étnicas, implementando las tres líneas de participación (fortalecimiento, promoción y formación), con comunidades, organizaciones, cabildos, colectivos y/o parcialidades indígenas de acuerdo con las metas propuestas por la Gerencia de Etnias | H35: 13. En fecha 14-07-2020 se realiza orientación técnica a la líder del Cabildo Uitoto - Blanca Suarez -, con el objetivo de realizar el registro en la plataforma de la participación y del diligenciamiento de la ficha de caracterización de organizaciones sociales del IDPAC, como resultado de esta acción se obtiene la constancia del proceso. | P35: 1. Constancia de caracterización. Soportes disponibles en la plataforma Secop II numeral 7 y en CD
A36: 3 | B36: Desarrollar actividades de participación en cumplimiento al Plan de acción de la Gerencia de Etnias | H36: 1. En fecha 05/07/2020 se realiza el Pre- encuentro Ciudadano Étnico en Usaquén, obteniendo los siguientes avances para la población indígena: Capacitación sobre líneas de inversión, conceptos de gasto, metodologías de participación en Encuentros Ciudadanos y presupuestos participativos; posicionamiento del proceso organizativo indígena local y la articulación con el Consejo Local Afro para la priorización de conceptos de gasto. | P36: 1. Anexo acta y pantallazo. Soportes disponibles en la plataforma Secop II numeral 7 y en CD
B37: Desarrollar actividades de participación en cumplimiento al Plan de acción de la Gerencia de Etnias | H37: 2. El día 13/07/2020 se participa en reunión de Grupo 1 de Metodologías, para la preparación técnica y metodológica de taller de Enfoque Diferencial a realizarse el día 14/07/2020 con el equipo territorial de Kennedy; en la reunión se concluye priorizar en el abordaje temático el Decreto 543 del 2011 y la Resolución 0546 del 2019, a fin de propiciar un espacio de formación pertinente que aporte a la inclusión del enfoque diferencial en todos los escenarios y acciones de participación local. | P37: 1. Anexo acta y pantallazo. Soportes disponibles en la plataforma Secop II numeral 7 y en CD
B38: Desarrollar actividades de participación en cumplimiento al Plan de acción de la Gerencia de Etnias | H38: 3. En fecha 12-07-2020 se realiza un encuentro comunitario del pueblo kamëntšá, con el propósito de capacitar a la población para motivar la participación en los Encuentros Ciudadanos; se logra avanzar en la identificación de los conceptos de gasto acordes con las problemáticas e iniciativas de la comunidad; se socializa el tarjetón de votación para la participación en los presupuestos participativos y finalmente se incentiva la incidencia de la población en las Mesas Indígenas Locales. | P38: 1. Anexo acta y pantallazo. Soportes disponibles en la plataforma Secop II numeral 7 y en CD
B39: Desarrollar actividades de participación en cumplimiento al Plan de acción de la Gerencia de Etnias | H39: 4. Se apoya en la realización de un taller de Enfoque Diferencial con el equipo territorial de la localidad de Kennedy el día 14-07-2020; como resultado se obtiene un espacio de contextualización y sensibilización frente a la política pública para los pueblos indígenas en Bogotá y sus alcances locales, posicionando la importancia de generar acciones que propicien la participación incidente, hacia el fortalecimiento de los procesos organizativos indígenas locales. | P39: 1. Anexo acta y pantallazo. Soportes disponibles en la plataforma Secop II numeral 7 y en CD
B40: Desarrollar actividades de participación en cumplimiento al Plan de acción de la Gerencia de Etnias | H40: 5. Se realiza proceso de convocatoria a los Encuentros Ciudadanos, logrando la inscripción de seis líderes y comuneros indígenas en fecha 17/07/2020; como dificultad y/o reto se evidencian la falta de acceso a herramientas tecnológicas y de conectividad, así como el escepticismo derivado a causa de la insatisfacción de las necesidades básicas como alimentación y vivienda, en el marco de la pandemia. | P40: 1. Anexo acta y pantallazo. 2. Anexo documento en Word. Soportes disponibles en la plataforma Secop II numeral 7 y en CD
B41: Desarrollar actividades de participación en cumplimiento al Plan de acción de la Gerencia de Etnias | H41: 6. En fecha 03/07/2020 se realiza asesoría técnica con el líder Luis Pechene a fin de socializar el avance en la inscripción a Encuentros Ciudadanos y concertar acciones de fortalecimiento de la participación del pueblo nasa; en el diálogo se logra confirmar el acompañamiento a la Mesa Local y pese a estar en desacuerdo con la metodología de participación en los Encuentros Ciudadanos, se compromete con el apoyo de la gestora, a movilizar todas las gestiones y acciones necesarias para la reactivación del proceso organizativo indígena en Usaquén. | P41: 1. Anexo acta y pantallazo. Soportes disponibles en la plataforma Secop II numeral 7 y en CD
B42: Desarrollar actividades de participación en cumplimiento al Plan de acción de la Gerencia de Etnias | H42: 7. En fecha 11/07/2020 se realiza reunión con la Mesa Indígena de Usaquén para planeación de Agenda de Articulación y Encuentro Ciudadano Étnico, logrando avanzar en los siguientes ítems: Se delegan a las personas que presentarán las iniciativas comunitarias y el diagnóstico poblacional en el Encuentro Ciudadano; se adelanta la elaboración del documento diagnóstico y de iniciativas comunitarias; en lo referente a la reunión de articulación con el alcalde local, se avanza en la construcción de la agenda priorizando las intervenciones de la comunidad. | P42: 1. Anexo acta y pantallazo. Soportes disponibles en la plataforma Secop II numeral 7 y en CD
B43: Desarrollar actividades de participación en cumplimiento al Plan de acción de la Gerencia de Etnias | H43: 8. El día 14/07/2020, se adelanta reunión con la Mesa Local Indígena de Usaquén para preparación de intervención en el Encuentro Ciudadano Étnico, logrando concertar doce iniciativas comunitarias a ser presentadas e integradas en el Encuentro; así mismo se revisa y aprueba el documento diagnóstico poblacional para socializar en el mismo espacio; y adicionalmente se ajusta la agenda de la reunión con el alcalde local integrando un espacio para la socialización de las iniciativas comunitarias priorizadas. | P43: 1. Anexo acta y pantallazo. Soportes disponibles en la plataforma Secop II numeral 7 y en CD
B44: Desarrollar actividades de participación en cumplimiento al Plan de acción de la Gerencia de Etnias | H44: 9. El día 15-07-2020 se realiza reunión de la mesa Indígena de Antonio Nariño con el objeto de concertar acciones de fortalecimiento de la participación en los Encuentros Ciudadanos; teniendo en cuenta la baja representatividad de la población a través de la virtualidad, se concluye que la estrategia de afianzamiento de la incidencia de los pueblos indígenas se hará a partir de los tres comisionados indígenas que hacen parte de las mesas técnicas de productividad, economía y educación; y también a través de la postulación de iniciativas ciudadanas en la plataforma virtual. | P44: 1. Anexo acta y pantallazo. Soportes disponibles en la plataforma Seco II numeral 7 y en CD
B45: Desarrollar actividades de participación en cumplimiento al Plan de acción de la Gerencia de Etnias | H45: 10. El día 16/07/2020 se apoya a la realización de la reunión de articulación entre la Mesa Indígena y el Alcalde Local de Usaquén, obteniendo como resultado los siguientes avances: Visibilización del proceso organizativo indígena en la localidad; posicionamiento de las problemáticas e iniciativas de la población; se acuerda el acompañamiento por parte de la administración local y a su vez desde el área de participación local, se generan compromisos de seguimiento a las iniciativas propuestas por la comunidad. | P45: 1. Anexo acta y pantallazo. Soportes disponibles en la plataforma Seco II numeral 7 y en CD
A46: 4 | B46: Apoyar los eventos misionales de la Subdirección de Fortalecimiento de las Organizaciones Sociales (SFOS) e implementar alternativas que promuevan la participación de organizaciones sociales étnicas en las campañas y proyectos estratégicos del IDPAC | H46: 1. En fecha 03/07/2020 se participa en reunión orientada desde la SFOS con el objetivo de socializar el contenido y objetivo de la campaña "Cultura Ciudadana, a un ala de distancia" que busca generar acciones pedagógicas para la prevención del contagio de covid 19; logrando conocer las funciones correspondientes a los gestores en las jornadas de implementación, específicamente las tareas relacionadas con actividades didácticas y pedagógicas en calle. | P46: 1. Anexo acta y pantallazo. Soportes disponibles en la plataforma Secop II numeral 7 y en CD
B47: Apoyar los eventos misionales de la Subdirección de Fortalecimiento de las Organizaciones Sociales (SFOS) e implementar alternativas que promuevan la participación de organizaciones sociales étnicas en las campañas y proyectos estratégicos del IDPAC | H47: 2. Por orientación de la SFOS y Gerencia de Etnias, el día 05/07/2020, se diligencia virtualmente el formulario de Articulación y Equipos Territoriales, consignando la información requerida perteneciente al proceso territorial realizado en la localidad de Usaquén y Antonio Nariño, desde el mes de marzo. | P47: 1. Anexo pantallazo. Soportes disponibles en la plataforma Secop II numeral 7 y en CD
B48: Apoyar los eventos misionales de la Subdirección de Fortalecimiento de las Organizaciones Sociales (SFOS) e implementar alternativas que promuevan la participación de organizaciones sociales étnicas en las campañas y proyectos estratégicos del IDPAC | H48: 3. En fecha 07/07/2020, se participa en reunión informativa orientada por la directora de la SFOS - Ana María Almario, con el fin socializar los nueve proyectos estratégicos del IDPAC, sus objetivos, metas, indicadores y actividades, logrando generar las claridades necesarias frente a las acciones específicas que deben realizar los equipos territoriales para su posterior implementación. | P48: 1. Anexo pantallazo, el acta reposa en las oficinas del IDPAC. Soportes disponibles en la plataforma Secop II numeral 7 y en CD
B49: Apoyar los eventos misionales de la Subdirección de Fortalecimiento de las Organizaciones Sociales (SFOS) e implementar alternativas que promuevan la participación de organizaciones sociales étnicas en las campañas y proyectos estratégicos del IDPAC | H49: 4. El día 17/07/2020, se apoya en la traducción de un texto informativo sobre presupuestos participativos a lengua indígena kamëntšá, con el propósito de incentivar el conocimiento de las metodologías de participación e incidencia en los presupuestos participativos por parte de las comunidades indígenas en las localidades. | P49: 1. Anexo documento en Word. Soportes disponibles en la plataforma Secop II numeral 7 y en CD
A50: 5 | B50: Participar activamente en la ejecución de la Estrategia de Territorialización en las localidades asignadas por el supervisor, haciendo entrega oportuna de los insumos y realizando la articulación requerida. | H50: 1. En fecha 02/07/2020 se participa en reunión ordinaria de la CLIP de Usaquén, logrando socializar los avances que se han tenido en articulación con el Consejo Local Afro y Mesa Indígena, hacia la realización de un pre encuentro y un encuentro ciudadano étnico; exponiendo además las acciones desarrolladas para movilizar la participación de la población, y posicionando la importancia de generar espacios y estrategias de participación con enfoque diferencial étnico. | P50: 1. Anexo acta y pantallazo. Soportes disponibles en la plataforma Secop II numeral 7 y en CD
B51: Participar activamente en la ejecución de la Estrategia de Territorialización en las localidades asignadas por el supervisor, haciendo entrega oportuna de los insumos y realizando la articulación requerida. | H51: 2. El día 17/07/2020 se diligencia la matriz diagnóstico de Mesas Indígenas Locales a partir de la organización de la información concerniente al proceso desarrollado en las localidades de Usaquén y Antonio Nariño; evidenciando específicamente las dinámicas, estructura organizativa, nivel de articulación, logros y dificultades. | P51: 1. Anexo documento Excel Soportes disponibles en la plataforma Secop II numeral 7 y en CD
A52: 6 | B52: Las demás que sean asignadas por el supervisor, de acuerdo con la naturaleza y el objeto del contrato | H52: 1. En fecha 01/07/2020, se apoya en jornada de "Bogotá Solidaria", mediante el diligenciamiento de encuestas y entrega de refrigerios, en el sector de Centro, localidad de Engativá. | P52: 1. Anexo listado de asistencia y fotos. Soportes disponibles en la plataforma Secop II numeral 7 y en CD
B53: Las demás que sean asignadas por el supervisor, de acuerdo con la naturaleza y el objeto del contrato | H53: 2. En fecha 03/07/2020, se participa en reunión general de funcionarios del IDPAC convocada por Director General -Oscar Reina Otero, con el fin de socializar los proyectos estratégicos de la entidad en la presente vigencia, metas y objetivos del plan de acción institucional, para generar las directrices necesarias frente a las acciones a realizar con los equipos territoriales. | P53: 1. Anexo pantallazo, el acta reposa en las oficinas del IDPAC. Soportes disponibles en la plataforma Secop II numeral 7 y en CD
B54: Las demás que sean asignadas por el supervisor, de acuerdo con la naturaleza y el objeto del contrato | H54: 3. Se participa en reunión orientada por la Gerente de Etnias Fabiola Piñacue desarrollada en fecha 03/07/2020, a fin hacer seguimiento al proceso de inscripción de las organizaciones étnicas en la convocatoria Red de Organizaciones Cuidadoras, como resultado se obtienen claridades frente a temas específicos de la convocatoria como: Cronograma; número de beneficiarios; requisitos de participación, distribución presupuestal y actividades. | P54: 1. Anexo pantallazo, el acta reposa en las oficinas del IDPAC. Soportes disponibles en la plataforma Secop II numeral 7 y en CD
B55: Las demás que sean asignadas por el supervisor, de acuerdo con la naturaleza y el objeto del contrato | H55: 4. En fecha 03/07/2020 se apoya en la jornada de "Cultura ciudadana, a un ala de distancia", realizada en la localidad de Rafael Uribe Uribe, a través de la implementación de acciones pedagógicas en calle para la prevención de contagio de Covid-19. | P55: 1. Anexo listado de asistencia y fotos. Soportes disponibles en la plataforma Secop II numeral 7 y en CD
B56: Las demás que sean asignadas por el supervisor, de acuerdo con la naturaleza y el objeto del contrato | H56: 5. El día 07/07/2020, se realiza la digitalización de cinco formularios de acciones pedagógicas de observación comportamental desarrolladas en la localidad de Rafael Uribe Uribe en fecha 03/07/2020, en el marco de la implementación de la campaña "Cultura ciudadana, a un ala de distancia". | P56: 1. Anexo acta y pantallazo. Soportes disponibles en la plataforma Secop II numeral 7 y en CD
B57: Las demás que sean asignadas por el supervisor, de acuerdo con la naturaleza y el objeto del contrato | H57: 6. Se asiste a reunión de equipo de Gerencia de Etnias realizada el día 08/07/2020, con el propósito de realizar evaluación y seguimiento al proceso de inscripción de organizaciones étnicas en la convocatoria Red de Organizaciones Cuidadoras, y verificar el diligenciamiento del Formulario de Equipo Territorial; en el espacio se socializan los avances en asesorías técnicas y en apoyos respecto a la elaboración de las iniciativas ciudadanas de organizaciones étnicas. | P57: 1. Anexo pantallazo, el acta reposa en las oficinas del IDPAC. Soportes disponibles en la plataforma Secop II numeral 7 y en CD
B58: Las demás que sean asignadas por el supervisor, de acuerdo con la naturaleza y el objeto del contrato | H58: 7. En fecha 13/07/2020, se participa en la reunión convocada por la Gerente de Etnias - Fabiola Piñacue, con el objetivo de resolver las inquietudes frente al diligenciamiento del formato de Equipo Territorial, y para hacer seguimiento al proceso de inscripciones de las organizaciones étnicas en la convocatoria Red de Organizaciones Cuidadoras; en el presente encuentro se socializan los avances al respecto y se logra transmitir la petición de las organizaciones frente a la ampliación del plazo para la recepción de las iniciativas. | P58: 1. Anexo pantallazo, el acta reposa en las oficinas del IDPAC. Soportes disponibles en la plataforma Secop II numeral 7 y en CD
A60: * Incluir todas las filas que se requieran
A61: PORCENTAJE (%) DE AVANCE FÍSICO DE LAS OBLIGACIONES | M61: 1
A62: Nota: El supervisor del contrato entiende que con la Aceptación del presente formato resulta improcedente aplicar el incumplimiento que trata el artículo 86 de la ley 1474 de 2011 y demás que le modifiquen, en relación a las actividades aquí detalladas.
A63: CERTIFICACIÓN DE CUMPLIMIENTO
A64: El Interventor o Supervisor deja constancia de la aprobación del presente informe mediante la plataforma del SECOP II que las actividades se cumplieron conforme a lo estipulado en el objeto, y que se adoptaron las observaciones y recomendaciones realizadas. Así mismo certifico que el contratista cumplió conforme a los requisitos de Ley con los aportes a seguridad social, a las entidades a las que esta obligado a aportar. Se anexan los Comprobantes de pago en ( __ ) Folios

Sheet .
C1: Lista Desplegable | G1: Lista Desplegable | H1: Lista Desplegable
C2: ENERO | D2: SALDO POR CANCELAR | G2: ARRENDAMIENTO | H2: ARRENDAMIENTO DE BIENES MUEBLES
C3: FEBRERO | D3: SALDO POR LIBERAR | G3: COMODATO | H3: CONTRATO DE OBRA
C4: MARZO | G4: COMPRAVENTA | H4: CONSULTORÍA (INTERVENTORÍA)
C5: ABRIL | G5: CONCESION | H5: CONVENIO INTERADMINISTRATIVO
C6: MAYO | G6: CONSULTORÍA | H6: CONTRATO DE SEGUROS
C7: JUNIO | E7: Lista Desplegable | G7: CONTRATO DE COLABORACIÓN Y APOYO CELEBRADO CON ENTIDAD PRIVADA SIN ANIMO DE LUCRO | H7: PRESTACIÓN DE SERVICIOS PERSONA JURIDICA
A8: Lista Desplegable | C8: JULIO | E8: AHORROS | G8: CONVENIO DE ASOCIACIÓN | H8: PRESTACIÓN DE SERVICIOS PERSONA NATURAL
A9: 2018 | C9: AGOSTO | E9: CORRIENTE | G9: CONVENIO INTERADMINISTRATIVO | H9: OTRO TIPO DE NATURALEZA DE CONTRATOS
A10: 2019 | C10: SEPTIEMBRE | G10: COOPERACIÓN Y ASISTENCIA
A11: 2020 | C11: OCTUBRE | G11: ESTUDIOS Y DISEÑOS
C12: NOVIEMBRE | G12: INTERINSTITUCIONAL
C13: DICIEMBRE | G13: LEASING
G14: MANDATO
G15: MANTENIMIENTO
C16: Lista Desplegable | G16: OBRA
C17: CEDENTE | G17: PRESTACIÓN DE SERVICIOS PERSONA JURIDICA
C18: CESIONARIO | G18: PRESTACIÓN DE SERVICIOS PERSONA NATURAL
G19: SUMINISTRO
